GG on TB - Commandos vs Mechanized

Match 16077803
End
Royal Engineer Section
Selects Air and Sea Battlegroup
Royal Engineer Section
Royal Engineer Section
Infantry Training
Vickers Machine Gun Team
Selects Supply Surplus
Construct Field Infirmary
Construct Section Command Post
Infantry Section
Construct Platoon Command Post
Selects Commando Section Paradrop
Commando Section Paradrop
6-pounder Anti-tank Gun Team
Construct Company Command Post
Crusader II Medium Tank
Selects Centaur Medium Tank
Selects Assault Flares
Selects Commando LMG Section Paradrop
Matilda II Heavy Tank
Crusader II Medium Tank
Centaur Medium Tank
Armored Vehicle Training
Selects Anti-tank Rocket Loiter
Foot Guards Section
Anti-tank Rocket Loiter
Team Weapon Training
Crusader II Medium Tank
Crusader II Medium Tank
6-pounder Anti-tank Gun Team
Construct Field Infirmary
Assault Flares
Matilda II Heavy Tank
6-pounder Anti-tank Gun Team
Foot Guards Section
DanielD
momo4sho
0
0

Comments sign in to comment!

No comments posted yet!